 Seeded DCSS version 0.28.0-43-g3370ac3207 (webtiles) character file.

Game seed: 7121082916606783627 (custom seed)

10 gzilladon the Chopper (level 2, -5/27 HPs)
             Began as a Hill Orc Monk on Mar 30, 2022.
             Was a Believer of Beogh.
             Slain by a worm (6 damage)
             ... on level 2 of the Dungeon.
             The game lasted 00:01:28 (273 turns).

gzilladon the Chopper (Hill Orc Monk)                Turns: 273, Time: 00:01:28

Health: -5/27      AC:  3    Str: 13    XL:     2   Next: 20%
Magic:  2/2        EV:  9    Int: 10    God:    Beogh [**....]
Gold:   14         SH:  0    Dex: 13    Spells: 1/1 levels left

rFire   . . .      SeeInvis .   a - +0 hand axe
rCold   . . .      Faith    .   (no shield)
rNeg    . . .      Spirit   .   c - +0 leather armour
rPois   .          Reflect  .   (no helmet)
rElec   .          Harm     .   (no cloak)
rCorr   .          Rampage  .   (no gloves)
Will    .....                   (no boots)
Stlth   ++........              (no amulet)
HPRegen 0.09/turn               (no ring)
MPRegen 0.08/turn               (no ring)

@: constricted
A: no striking features
a: Renounce Religion, Smiting


You were on level 2 of the Dungeon.
You worshipped Beogh.
Beogh was pleased with you.
You visited 1 branch of the dungeon, and saw 3 of its levels.

You collected 14 gold pieces.

Inventory:

Hand Weapons
 a - a +0 hand axe (weapon)
Armour
 b - a +0 robe
 c - a +0 leather armour (worn)


   Skills:
 + Level 3.8 Fighting
 + Level 4.3 Axes
 + Level 0.7 Armour
 + Level 2.4 Dodging
 + Level 1.5 Stealth
 * Level 0.2 Invocations


You had one spell level left.
You didn't know any spells.
Your spell library was empty.

Dungeon Overview and Level Annotations

Branches:
Dungeon (3/15)

Altars:


Message History

You hit the hobgoblin.
The hobgoblin is moderately wounded.
The hobgoblin hits you but does no damage.
You hit the hobgoblin.
The hobgoblin is heavily wounded.
You hit the worm.
The hobgoblin closely misses you. x2; The worm bites you.
You closely miss the hobgoblin.
The hobgoblin is heavily wounded.
You barely miss the worm. The hobgoblin closely misses you.
You hit the hobgoblin.
You kill the hobgoblin!
Beogh accepts your kill.
You hit the worm. The worm barely misses you.
You closely miss the ball python. You hit the worm.
The ball python closely misses you. The ball python grabs you.
The ball python constricts you.
The ball python bites you but does no damage.
The ball python constricts you.
You closely miss the ball python. You completely miss the worm.
The ball python barely misses you. The ball python constricts you.
The worm bites you!
You barely miss the ball python. You hit the worm.
The ball python bites you but does no damage.
The ball python constricts you.
A ball python comes into view.
The worm closely misses you.
You completely miss the ball python. Your punch misses the ball python.
You hit the worm. The ball python barely misses you.
The ball python constricts you. The ball python barely misses you.
The ball python constricts you.
You closely miss the ball python. You hit the worm but do no damage.
The worm bites you!
* * * LOW HITPOINT WARNING * * *
The ball python bites you.
* * * LOW HITPOINT WARNING * * *
The ball python constricts you.
You escape the ball python's grasp.
The ball python barely misses you. The ball python grabs you.
You stop ascending the stairs.
The ball python constricts you. The worm bites you.
You die...

.# #. .#### .. #.
.#.. ..###. (.. .
<..........##.. ...
........>..... ....
..........#.S# #...
....w.......@#...
..........#wS#.#
......g..###†...##..
....###..##..†..S....
#....#........###...
##..#.#...#....# ##
.........##..###
#........##..#
.........##..#


You could see a worm, a goblin (wandering) and 2 ball pythons.

Vanquished Creatures
  An orc (D:2)
  3 ball pythons (D:2)
  A goblin (D:2)
  2 hobgoblins (D:2)
  A frilled lizard (D:3)
8 creatures vanquished.

Vanquished Creatures (others)
  An orc priest (D:3)
  2 orcs (D:3)
3 creatures vanquished.

Grand Total: 11 creatures vanquished

Notes
Turn   | Place    | Note
-------+----------+-------------------------------------------
     0 | D:1      | gzilladon the Hill Orc Monk began the quest for the Orb.
     0 | D:1      | Reached XP level 1. HP: 19/19 MP: 1/1
   171 | D:3      | Noticed an orc priest
   172 | D:3      | Noticed an orc priest
   173 | D:3      | Became a worshipper of Beogh the Brigand
   173 | D:3      | Reached * piety under Beogh
   173 | D:3      | Reached ** piety under Beogh
   188 | D:3      | Killed an orc priest
   259 | D:2      | Reached XP level 2. HP: 20/27 MP: 2/2
   272 | D:2      | HP: 1/27 [ball python (1)]
   273 | D:2      | Slain by a worm

Illustrated notes

Levels and vault maps discovered:
D:1:      minmay_arrival_plants_in_alcoves, layout_rooms, serial_shops, shop,
          chequers_serial_rivers_large_b
D:2:      layout_rooms, hellmonk_ecumenical_altar_leap_of_faith,
          minmay_door_square, nicolae_concentric_dashed_squares_mild
D:3:      cheibrodos_fertilizer, layout_basic, lemuel_tele_altar,
          lemuel_zombie_altar_yredelemnul, serial_shops,
          nicolae_shop_behind_doors, serial_rivers,
          chequers_serial_rivers_small_a, chequers_serial_rivers_micro_c,
          chequers_serial_rivers_room_a, chequers_serial_rivers_micro_e,
          chequers_serial_rivers_small_a, kennysheep_generic_room_9

Action                   || total
-------------------------++-------
Melee: Hand axe          ||    29
Invok: Convert to Beogh  ||     1
Armor: Leather armour    ||     9
Dodge: Dodged            ||    30
